 Dungeon Crawl Stone Soup version 0.32-a0-660-g97ce250973 (webtiles) character file.

Game seed: 9078150326129025654

3073 Gargoyl the Cleaver (level 9, 0/56 HPs)
             Began as a Gargoyle Berserker on Mar 9, 2024.
             Was a Believer of Trog.
             Killed from afar by a steam dragon (12 damage)
             ... with a ball of steam
             ... summoned by an orange crystal statue
             ... on level 7 of the Dungeon.
             The game lasted 00:08:19 (6260 turns).

Gargoyl the Cleaver (Gargoyle Berserker)            Turns: 6260, Time: 00:08:19

Health: 0/56       AC: 24    Str: 21    XL:     9   Next: 88%
Magic:  9/9        EV: 12    Int:  8    God:    Trog [**....]
Gold:   517        SH: 10    Dex: 13    Spells: 8/8 levels left

rFire   . . .        r - +0 hand axe (elec)
rCold   . . .        e - +0 buckler
rNeg    + . .        i - +3 plate armour
rPois   ∞            (no helmet)
rElec   +            y - +1 cloak
rCorr   .            (no gloves)
SInv    .            (no boots)
Will    .....        j - amulet of reflection Stlth
                     h - +5 ring of evasion
HPRegen 0.29/turn    (no ring)
MPRegen 0.11/turn

%: reflection
@: on berserk cooldown, slowed, very slow
A: sickness immunity, AC +6, negative energy resistance 1, electricity
resistance, torment resistance 1, petrification resistance
a: Renounce Religion, Berserk, Trog's Hand


You were on level 7 of the Dungeon.
You worshipped Trog.
Trog was pleased with you.
You visited 1 branch of the dungeon, and saw 7 of its levels.

You collected 517 gold pieces.

Inventory:

Hand Weapons
 f - a +0 hand axe
 m - a +0 flail
 r - a +0 hand axe of electrocution (weapon)
Missiles
 l - 16 poisoned darts (quivered)
Armour
 e - a +0 buckler (worn)
 i - a +3 plate armour (worn)
 y - a +1 cloak (worn)
Jewellery
 h - a +5 ring of evasion (left hand)
 j - an amulet of reflection (around neck)
Wands
 q - a wand of polymorph (2)
 s - a wand of mindburst (8)
 u - a wand of paralysis (3)
 x - a wand of iceblast (9)
Scrolls
 a - a scroll of identify
 k - a scroll of vulnerability
 w - a scroll of fog
Potions
 b - a potion of enlightenment
 c - 2 potions of haste
 d - a potion of curing
 g - 3 potions of lignification
 n - a potion of heal wounds {unknown}
 p - a potion of berserk rage {unknown}
 t - 2 potions of attraction {unknown}
 v - 2 potions of resistance {unknown}
 z - a potion of brilliance {unknown}


   Skills:
 + Level 6.4 Fighting
 + Level 8.5 Axes
 + Level 0.5 Throwing
 + Level 6.6 Armour
 + Level 2.1 Dodging
 + Level 1.7 Stealth
 + Level 6.5 Shields
 + Level 0.3 Evocations


You had 8 spell levels left.
You didn't know any spells.
Your spell library was empty.

Dungeon Overview and Level Annotations

Branches:
Dungeon (7/15)             Temple (0/1) D:4

Altars:
Dithmenos
Fedhas
Nemelex Xobeh
Okawaru
Wu Jian
The Shining One
Beogh

Annotations:
D:7 1 runed translucent door, exclusion: 3 orange crystal statues


Innate Abilities, Weirdness & Mutations

You are immune to sickness and miasma.
Your stone body is resilient. (AC +6)
You are immune to poison.
You resist negative energy. (rN+)
You are resistant to electric shocks. (rElec)
You are resistant to unholy torment.
You are immune to petrification.


Message History

You hit the howler monkey but do no damage.
Lightning courses through the howler monkey!!
You kill the howler monkey!
The howler monkey's corpse dissolves into shadows!
The orc barely misses you.
You are more confused.
You feel invigorated. The orc hits you with a +0 dagger.
* * * LOW HITPOINT WARNING * * *
The orc closely misses you. The orc hits you but does no damage.
The orange crystal statue fixes its piercing gaze on you.
You feel your power leaking away. The orc misses you.
You bump into the stone wall.
You feel less invigorated.
The orc hits you but does no damage. x2; The orc warrior barely misses you.
Unknown command.
You bump into the stone wall.
The orange crystal statue glitters.
You resist with some effort. The orc hits you but does no damage. x2
The orc warrior closely misses you.
The orc wizard casts a spell.
The orc wizard flickers and vanishes!
Deactivating autopickup; reactivate with Ctrl-A.
The orc wizard gestures wildly while chanting.
The orc wizard flickers and vanishes!
The orc hits you but does no damage. The orc barely misses you.
You closely miss the orc warrior. You hit the orc.
The orc warrior barely misses you. The orc hits you but does no damage.
The orc warrior completely misses you.
The orc priest looks encouraged for a moment.
Unknown command.
You feel better. You block the orc's attack.
The orc warrior hits you with a +0 battleaxe!
* * * LOW HITPOINT WARNING * * *
Something hits you but does no damage. The steam dragon breathes steam at you.
The ball of steam hits the orc!
The orc dies!
The orc's corpse dissolves into shadows!
The ball of steam hits you!
You die...

#####...........##
#####.#########..##
#.....#I.....I#...#
#.###.#.#...#.#.#.#
#.##..#o......#.#.#
#.##..ooso[...+.#.######
###.##..#{oso...#)........
#.#.##..#o#§D.#.#.........
#...##..#@{oo..I#...#.)..#
#.####..#########...#.#...
#.# #............#.#.####
#.# #............#.#....#
#.# #.......#....#.####.#
#.####.#####.#....#.# #.#
#............#....#.# #.#
######.#.....#....#.# #.#
#.#.....#....#.# #.#


You could see 2 orange crystal statues, a steam dragon (summoned, catching
breath), an orc warrior (summoned), a scorpion (summoned), an orc priest
(summoned) and 6 orcs.

Vanquished Creatures
  An orange crystal statue (D:7)
  A cyclops (D:7)
  Maurice (D:7)
  A steam dragon (D:7)
  Menkaure (D:7)
  A water moccasin (D:7)
  3 black bears
  An ogre (D:4)
  2 centaurs
  A kobold brigand (D:7)
  A phantom (D:4)
  4 scorpions
  A gnoll sergeant (D:7)
  A jelly (D:6)
  4 orc priests
  A bombardier beetle (D:5)
  3 iguanas
  Jessica (D:3)
  4 sleepcaps
  Ijyb (D:3)
  An orc wizard (D:4)
  4 adders
  5 gnolls
  A shadow imp (D:7)
  A ribbon worm (D:4)
  8 orcs
  10 bats
  11 endoplasms
  2 giant cockroaches
  6 goblins
  5 hobgoblins
  5 jackals
  12 kobolds
  2 quokkas
  6 ball pythons
  3 frilled lizards
  6 rats
122 creatures vanquished.

Vanquished Creatures (others)
  A white imp (D:7)
1 creature vanquished.

Grand Total: 123 creatures vanquished

Notes
Turn   | Place    | Note
-------+----------+-------------------------------------------
     0 | D:1      | Gargoyl the Gargoyle Berserker began the quest for the Orb.
     0 | D:1      | Reached XP level 1. HP: 14/14 MP: 1/1
    42 | D:1      | Reached skill level 3 in Axes
    48 | D:1      | Reached XP level 2. HP: 5/19 MP: 2/2
   317 | D:1      | Reached XP level 3. HP: 14/23 MP: 3/3
   744 | D:2      | Reached ** piety under Trog
   893 | D:2      | Reached XP level 4. HP: 24/29 MP: 4/4
   953 | D:2      | Found an iron altar of Okawaru.
  1186 | D:3      | Found a blossoming altar of Fedhas.
  1385 | D:3      | Identified the +0 chain mail of Otrain {*Slow rF+ Regen+}
  1540 | D:3      | Noticed Jessica
  1541 | D:3      | Noticed a centaur
  1549 | D:3      | Noticed Ijyb
  1553 | D:3      | Killed Jessica
  1554 | D:3      | Reached skill level 1 in Shields
  1554 | D:3      | Reached XP level 5. HP: 18/33 MP: 5/5
  1554 | D:3      | Killed a centaur
  1555 | D:3      | Reached skill level 4 in Axes
  1560 | D:3      | Killed Ijyb
  1561 | D:3      | Reached XP level 6. HP: 28/38 MP: 6/6
  1983 | D:4      | Found a sparkling altar of Nemelex Xobeh.
  1988 | D:4      | Found a roughly hewn altar of Beogh.
  2109 | D:4      | Reached skill level 5 in Axes
  2110 | D:4      | Found a staircase to the Ecumenical Temple.
  2221 | D:4      | Reached XP level 7. HP: 43/43 MP: 7/7
  2267 | D:4      | Found an ornate altar of the Wu Jian Council.
  2282 | D:4      | Reached *** piety under Trog
  2577 | D:4      | Found a glowing golden altar of the Shining One.
  2648 | D:5      | Entered Level 5 of the Dungeon
  2658 | D:5      | Gained mutation: You sometimes lose your temper in combat.
                  | [potion of mutation]
  2658 | D:5      | Lost mutation: You sometimes lose your temper in combat.
                  | [potion of mutation]
  2971 | D:5      | Reached skill level 6 in Axes
  3063 | D:5      | Reached XP level 8. HP: 48/48 MP: 8/8
  3454 | D:5      | Reached skill level 5 in Fighting
  4557 | D:7      | Noticed a cyclops
  4566 | D:7      | Killed a cyclops
  4567 | D:7      | Reached skill level 7 in Axes
  4567 | D:7      | Reached skill level 5 in Armour
  4567 | D:7      | Reached skill level 5 in Shields
  4747 | D:7      | Reached XP level 9. HP: 52/55 MP: 9/9
  5188 | D:7      | Found a runed translucent door.
  5213 | D:7      | Found a shadowy altar of Dithmenos.
  5214 | D:7      | Noticed Maurice
  5223 | D:7      | Something stole a +0 hand axe
  5223 | D:7      | Something stole 9 poisoned darts
  5225 | D:7      | Something stole 44 gold
  5226 | D:7      | Something stole 430 gold
  5487 | D:7      | Killed Maurice
  5488 | D:7      | Reached skill level 8 in Axes
  5488 | D:7      | Reached skill level 1 in Stealth
  5488 | D:7      | Found the +10 tower shield of Ignorance {rN+ Int-4}
  5545 | D:7      | Found a runed translucent door.
  5546 | D:7      | Noticed an orange crystal statue
  5861 | D:7      | Noticed Menkaure
  5866 | D:7      | Killed Menkaure
  6213 | D:7      | Noticed an orange crystal statue
  6213 | D:7      | Noticed an orange crystal statue
  6213 | D:7      | Noticed an orange crystal statue
  6240 | D:7      | Killed an orange crystal statue
  6254 | D:7      | HP: 2/56 [orc priest/divine providence[an orange crystal
                  | statue] (14)]
  6260 | D:7      | Killed from afar by a steam dragon

Illustrated notes

Levels and vault maps discovered:
D:1:      lemuel_arrival_broad_hall, layout_basic
D:2:      layout_basic, basic_altar, minmay_between
D:3:      layout_rooms, mainiacjoe_overflow_small_starburst, hex_medium,
          kennysheep_crisscross, minmay_checkerbox, uniq_ijyb, uniq_jessica
D:4:      layout_basic, mainiacjoe_overflow_catwalk,
          mainiacjoe_overflow_catch_the_wave, minmay_temple_entry_sparse_star,
          kennysheep_orc_chapel
D:5:      layout_layer_cave, nrook_pool_corridor
D:6:      layout_basic
D:7:      layout_basic, grunt_dithmenos_smoke,
          chequers_guarded_unrand_ignorance, uniq_menkaure, uniq_maurice

Skill      XL: |  1  2  3  4  5  6  7  8  9 |
---------------+----------------------------+-----
Axes           | 3 4 5 6 7 8 |  8.5
Armour         | 3 4 5 6 |  6.6
Shields        | 1 2 3 5 6 |  6.5
Fighting       | 4 5 6 |  6.4
Dodging        | 2 |  2.1
Stealth        | 1 |  1.7
Throwing       | |  0.5
Evocations     | |  0.3

Action                     |  1- 3 |  4- 6 |  7- 9 || total
---------------------------+-------+-------+-------++-------
  Melee: Hand axe          |    83 |   151 |   314 ||   548
  Throw: Dart              |       |       |     3 ||     3
 Invoke: Berserk           |     3 |     4 |    10 ||    17
         Trog's Hand       |       |     1 |     4 ||     5
  Evoke: Wand              |       |       |     2 ||     2
    Use: Scroll            |     2 |     1 |    10 ||    13
         Potion            |       |       |     5 ||     5
   Stab: Paralysed         |       |       |     2 ||     2
 Armour: Animal skin       |    19 |       |       ||    19
         Plate armour      |   100 |   108 |   252 ||   460
  Dodge: Dodged            |    42 |    54 |   163 ||   259
  Block: Buckler           |    12 |    62 |   158 ||   232
         Reflection        |       |     1 |     2 ||     3

Table legend: (Time is in decaauts)
 A = Elapsed time spent in this place.
 B = Non-inter-level travel time spent in this place.
 C = Inter-level travel time spent in this place.
 D = Time resting spent in this place.
 E = Time spent auto-exploring this place.
 F = Levels seen in this place.
 G = Mean time per level.
                   A        B        C        D        E       F      G
               +--------+--------+--------+--------+--------+-----+--------+
         Total |   6431 |   6192 |    239 |    170 |   4554 |   7 |  918.7 |
       Dungeon |   6431 |   6192 |    239 |    170 |   4554 |   7 |  918.7 |
               +--------+--------+--------+--------+--------+-----+--------+

Top non-repeatable levels by time:
     D:7: 1752 daAuts
     D:5: 1268 daAuts
     D:4: 764 daAuts
     D:3: 752 daAuts
     D:1: 703 daAuts
     D:6: 666 daAuts
     D:2: 522 daAuts
